 Dungeon Crawl Stone Soup version 0.26-a0-30-g56b8cd3df0 (webtiles) character file.

Game seed: 18248499643753037370, levelgen mode: deterministic

3295 vurker the Thaumaturge (level 9, -2/53 HPs)
             Began as a Deep Elf Conjurer on May 30, 2020.
             Was a Believer of Vehumet.
             Slain by a death yak (20 damage)
             ... on level 8 of the Dungeon.
             The game lasted 00:11:19 (9487 turns).

vurker the Thaumaturge (Deep Elf Conjurer)          Turns: 9487, Time: 00:11:20

Health: -2/53      AC:  8    Str: 11    XL:     9   Next: 69%
Magic:  1/26       EV: 12    Int: 24    God:    Vehumet [**....]
Gold:   415        SH:  5    Dex: 15    Spells: 24/31 levels left

rFire    . . .     SeeInvis .   b - +2 dagger (speed)
rCold    . . .     Gourm    .   r - +0 buckler
rNeg     . . .     Faith    .   x - +3 leather armour
rPois    +         Spirit   .   (no helmet)
rElec    .         Reflect  .   o - +1 cloak
rCorr    .         Harm     .   (no gloves)
MR       .....                  (no boots)
Stlth    ++........             t - amulet of magic regeneration
HPRegen  0.17/turn              u - +6 ring of strength
MPRegen  0.45/turn              i - ring of poison resistance

@: no status effects
A: no striking features
a: Renounce Religion


You were on level 8 of the Dungeon.
You worshipped Vehumet.
Vehumet was pleased with you.
You were not hungry.

You visited 2 branches of the dungeon, and saw 9 of its levels.

You collected 415 gold pieces.

Inventory:

Hand Weapons
 b - a +2 dagger of speed (weapon)
   (You took it off a goblin on level 1 of the Dungeon)
 y - the +5 mace "Bieptov" {venom, *Corrode rC+ rN++ Dex+3}
   (You found it on level 7 of the Dungeon)

   It poisons the flesh of those it strikes.
   It affects your dexterity (+3).
   It protects you from cold.
   It greatly protects you from negative energy.
   It may corrode you when you take damage.
Armour
 o - a +1 cloak (worn)
   (You found it on level 3 of the Dungeon)
 r - a +0 buckler (worn)
   (You found it on level 3 of the Dungeon)
 x - a +3 leather armour (worn)
   (You took it off an orc on level 3 of the Dungeon)
Jewellery
 i - a ring of poison resistance (right hand)
   (You took it off an orc on level 5 of the Dungeon)
 q - an uncursed ring of wizardry
   (You found it on level 5 of the Dungeon)
 t - an amulet of magic regeneration (around neck)
   (You found it on level 5 of the Dungeon)
 u - a +6 ring of strength (left hand)
   (You found it on level 6 of the Dungeon)
Scrolls
 a - 2 scrolls of magic mapping
 c - 5 scrolls of enchant armour
 f - 2 scrolls of amnesia
 g - 3 scrolls of immolation
 l - a scroll of fear
 n - 2 scrolls of identify
 p - a scroll of blinking
 s - 3 scrolls of remove curse
 v - a scroll of teleportation
Potions
 d - a potion of mutation
 h - 2 potions of haste
 j - a potion of brilliance
 k - 8 potions of curing
 m - 2 potions of flight
 w - 3 potions of heal wounds
Comestibles
 e - 19 rations
 z - 3 chunks of flesh


   Skills:
 + Level 4.9 Fighting
 - Level 2.4 Dodging
 - Level 2.4 Stealth
 - Level 4.0 Shields
 * Level 11.5 Spellcasting
 + Level 9.1 Conjurations


You had 24 spell levels left.
You knew the following spells:

 Your Spells              Type           Power        Failure   Level  Hunger
a - Magic Dart            Conj           ####         1%          1    None
b - Searing Ray           Conj           ######       1%          2    None
c - Iskenderun's Mystic   Conj/Tloc      #####...     9%          4    None

Your spell library contained the following spells:

 Spells                   Type           Power        Failure   Level  Hunger
 Freeze                   Ice            ##..         6%          1    None
 Dazzling Flash           Conj/Hex       #####.       2%          3    None
 Fulminant Prism          Conj/Hex       #####.....   9%          4    None


Dungeon Overview and Level Annotations

Branches:
Dungeon (8/15)             Temple (1/1) D:4            Lair (0/6) D:8

Altars:
Ashenzari
Dithmenos
Hepliaklqana
Nemelex Xobeh
Okawaru
Qazlal
Ru
Sif Muna
Vehumet
Xom

Annotations:
D:5 2 runed translucent doors, vurker's ghost, novice DgWz
D:6 2 transporters


Message History

(Press . to maintain the ray.)
The death yak bellows!
You hear a bellow!
The searing ray hits the death yak!
The searing ray hits the death yak but does no damage.
The searing ray hits the death yak.
You finish channeling your searing ray.
The death yak gores you! The death yak closely misses you.
Things that are here:
a bullfrog skeleton; a leopard gecko skeleton You see here a +0 giant club.
There is a stone staircase leading up here.
You erupt in a blast of force!
The mystic blast hits the death yak!
The death yak is knocked back by the mystic blast.
The death yak collides with the death yak!
You erupt in a blast of force!
The mystic blast hits the death yak!
The death yak is knocked back by the mystic blast.
The death yak collides with the death yak!
Aim: a death yak (moderately wounded)
The searing ray hits the death yak!
The searing ray hits the death yak but does no damage. (Press . to maintain the ray.)
The searing ray hits the death yak!
The searing ray hits the death yak.
The death yak gores you!!
* * * LOW HITPOINT WARNING * * *
You erupt in a blast of force!
The mystic blast hits the death yak!
The death yak is knocked back by the mystic blast.
The death yak collides with the death yak!
The mystic blast hits the death yak!
The death yak gores you.
* * * LOW HITPOINT WARNING * * *
You erupt in a blast of force!
The mystic blast hits the death yak!
The death yak is knocked back by the mystic blast.
The death yak collides with the death yak!
The mystic blast hits the death yak!
The death yak is knocked back by the mystic blast.
The death yak collides with the death yak!
Unknown command.
You erupt in a blast of force!
The mystic blast hits the death yak.
The death yak is knocked back by the mystic blast.
The death yak collides with the death yak!
The mystic blast hits the death yak.
The death yak is knocked back by the mystic blast.
The death yak collides with the death yak!
The death yak misses you.
You erupt in a blast of force!
The mystic blast hits the death yak. x2
You block the death yak's attack.
Aim: a death yak (almost dead)
The searing ray hits the death yak! x2 (Press . to maintain the ray.)
The death yak gores you!!
You die...

#.##...###... #.##..#......#
#.##....>....#
#............#
#.#..........# #.##........#
# ##### #.##÷.......#
#.#####...####.##÷.......#
###..........@YYY..#....##.#
...)...<....#######.#..##
#.## ....#########
#.#Y#####... ## ..#....#####
#######Y..... #....#####
#.#### #


You could see 3 death yaks.

Vanquished Creatures
  2 two-headed ogres (D:8)
  2 hippogriffs
  A wyvern (D:8)
  2 yaks (D:8)
  2 ogres
  2 centaurs
  A bullfrog (D:8)
  A crimson imp (D:7)
  An orc priest (D:5)
  3 hounds
  A centaur skeleton (D:7)
  4 orc wizards
  2 bullfrog skeletons (D:4)
  An iguana (D:7)
  3 worker ants
  2 hound skeletons
  14 adders
  4 gnolls (D:5)
  3 oozes
  An adder zombie (D:4)
  4 worms
  A dart slug (D:3)
  7 leopard geckos
  23 orcs
  4 giant cockroaches
  10 goblins
  7 hobgoblins
  21 jackals
  2 quokkas
  A ball python (D:4)
  7 bats
  3 frilled lizards
  11 kobolds
  6 rats
159 creatures vanquished.

Notes
Turn   | Place    | Note
-------+----------+-------------------------------------------
     0 | D:1      | vurker the Deep Elf Conjurer began the quest for the Orb.
     0 | D:1      | Reached XP level 1. HP: 10/10 MP: 6/6
    42 | D:1      | Found a shimmering altar of Xom.
   181 | D:1      | Reached XP level 2. HP: 16/16 MP: 5/8
  1165 | D:1      | Reached XP level 3. HP: 20/20 MP: 6/10
  1348 | D:1      | Reached skill level 4 in Spellcasting
  1484 | D:2      | Reached skill level 5 in Conjurations
  1695 | D:2      | Found a shimmering blue altar of Sif Muna.
  1819 | D:2      | Reached skill level 1 in Fighting
  1850 | D:2      | Reached XP level 4. HP: 25/25 MP: 6/12
  2622 | D:2      | Reached skill level 5 in Spellcasting
  2622 | D:2      | Reached XP level 5. HP: 9/29 MP: 2/14
  2851 | D:3      | Learned a level 2 spell: Searing Ray
  2856 | D:3      | Learned a level 4 spell: Iskenderun's Mystic Blast
  4682 | D:4      | Reached XP level 6. HP: 35/35 MP: 8/16
  4972 | D:4      | Found an iron altar of Okawaru.
  4973 | D:4      | Reached skill level 6 in Spellcasting
  5006 | D:4      | Found a staircase to the Ecumenical Temple.
  5022 | Temple   | Entered the Ecumenical Temple
  5078 | Temple   | Became a worshipper of Vehumet
  5209 | D:4      | Reached skill level 1 in Shields
  5636 | D:4      | Found a sparkling altar of Nemelex Xobeh.
  5961 | D:5      | Entered Level 5 of the Dungeon
  6157 | D:5      | Found a stormy altar of Qazlal.
  6160 | D:5      | Reached XP level 7. HP: 40/40 MP: 15/18
  6300 | D:5      | Reached * piety under Vehumet
  6300 | D:5      | Offered knowledge of Shock by Vehumet.
  6496 | D:5      | Reached skill level 7 in Spellcasting
  6646 | D:5      | Found an iron altar of Okawaru.
  6963 | D:5      | Found a large runed translucent door.
  6964 | D:5      | Found a large runed translucent door.
  6966 | D:5      | Noticed vurker's ghost (novice DgWz)
  6992 | D:5      | Found a sacrificial altar of Ru.
  7774 | D:6      | Found a transporter.
  7776 | D:6      | Noticed a fire bat
  7862 | D:6      | Noticed a hippogriff
  7874 | D:6      | Killed a hippogriff
  7874 | D:6      | Reached XP level 8. HP: 35/46 MP: 15/21
  7951 | D:6      | Found a transporter.
  8269 | D:7      | Found a hazy altar of Hepliaklqana.
  8298 | D:7      | Reached skill level 8 in Spellcasting
  8334 | D:7      | Found a shattered altar of Ashenzari.
  8724 | D:7      | Noticed a hippogriff
  8732 | D:7      | Killed a hippogriff
  8760 | D:7      | Found a shadowy altar of Dithmenos.
  8788 | D:7      | Got an ichor-stained mace
  8789 | D:7      | Identified the +5 mace "Bieptov" {venom, *Corrode rC+ rN++
                  | Dex+3} (You found it on level 7 of the Dungeon)
  8905 | D:8      | Noticed a two-headed ogre
  8908 | D:8      | Noticed a two-headed ogre
  8915 | D:8      | Killed a two-headed ogre
  8915 | D:8      | Reached skill level 9 in Spellcasting
  8915 | D:8      | Reached XP level 9. HP: 36/52 MP: 13/24
  8919 | D:8      | Killed a two-headed ogre
  8919 | D:8      | Reached skill level 10 in Spellcasting
  9133 | D:8      | Noticed a death yak
  9135 | D:8      | Noticed a death yak
  9141 | D:8      | Reached skill level 11 in Spellcasting
  9144 | D:8      | Noticed a death yak
  9297 | D:8      | Found a staircase to the Lair.
  9303 | D:8      | Offered knowledge of Freeze by Vehumet.
  9322 | D:8      | Reached ** piety under Vehumet
  9487 | D:8      | Slain by a death yak

Illustrated notes

Levels and vault maps discovered:
D:1:      eino_arrival_tree_alley, layout_basic, xom_teletrap_fun
D:2:      layout_rooms, nicolae_overflow_crystal_walls, first_ration
D:3:      layout_loops_corners, kennysheep_generic_room_5
D:4:      layout_loops_corners, nemelex_xobeh_ov_fountains_minmay,
          minmay_temple_entry_mini_moons, hangedman_decor_diamond_cutter,
          kennysheep_okawaru_gauntlet
D:5:      layout_basic, kennysheep_mini, ebering_ghost_disaster_area,
          minmay_misc_feat_tower, hangedman_feature_mirror
D:6:      gammafunk_cloud_chamber, layout_loops_ring,
          minmay_misc_feat_secret_circle
D:7:      layout_basic, evilmike_ruin_ashenzari, old_standard_altar,
          lemuel_crystal_altar
D:8:      layout_loops_ring, dpeg_lair_monsters
Temple:   minmay_temple_curvy_loop

Skill      XL: |  1  2  3  4  5  6  7  8  9 |
---------------+----------------------------+-----
Spellcasting   | 4 5 6 7 9 11 | 11.5
Conjurations   | 5 6 8 9 |  9.1
Fighting       | 1 2 3 4 |  4.9
Shields        | 1 3 4 |  4.0
Dodging        | |  2.4
Stealth        | |  2.4

Action                   |  1- 3 |  4- 6 |  7- 9 || total
-------------------------+-------+-------+-------++-------
Melee: Dagger            |     6 |     9 |     8 ||    23
 Cast: Magic Dart        |    78 |   160 |    90 ||   328
       Searing Ray       |       |    14 |    34 ||    48
       Iskenderun's Myst |       |       |     9 ||     9
  Use: Scroll            |       |    13 |     4 ||    17
  Eat: Chunk             |     3 |    13 |    10 ||    26
Armor: Robe              |     7 |    11 |     3 ||    21
       Leather armour    |       |       |     8 ||     8
Dodge: Dodged            |     5 |    48 |    24 ||    77
Block: Buckler           |       |     3 |     9 ||    12

Table legend:
 A = Non-vault XP
 B = Vault XP
 C = Vault XP percentage of total XP
 D = Non-vault monster count
 E = Vault monster count
 F = Vault count percentage of total count
                 A         B        C        D         E       F
            +---------+---------+-------+---------+---------+-------
      Total |    4266 |     442 |   9.4 |     151 |       8 |   5.0
            +---------+---------+-------+---------+---------+-------
        D:1 |      48 |       0 |   0.0 |      26 |       0 |   0.0
        D:2 |     160 |       0 |   0.0 |      26 |       0 |   0.0
        D:3 |     148 |       5 |   3.3 |      27 |       3 |  10.0
        D:4 |     195 |       4 |   2.0 |      14 |       2 |  12.5
        D:5 |     419 |      18 |   4.1 |      25 |       1 |   3.8
        D:6 |     502 |       0 |   0.0 |      11 |       0 |   0.0
        D:7 |     477 |       0 |   0.0 |      14 |       0 |   0.0
        D:8 |    2317 |     415 |  15.2 |       8 |       2 |  20.0
            +---------+---------+-------+---------+---------+-------
